 Dungeon Crawl Stone Soup version 0.25.1-2-g60ff931df9 (webtiles) character file.

Game seed: 12157049432266351251

123 Exodus22XD the Poker (level 4, -3/34 HPs)
             Began as a Demonspawn Gladiator on Oct 31, 2020.
             Was a Priest of Uskayaw.
             Slain by a gnoll shaman
             ... wielding a +0 whip
              (4 damage)
             ... on level 4 of the Dungeon.
             The game lasted 00:02:35 (2773 turns).

Exodus22XD the Poker (Demonspawn Gladiator)         Turns: 2773, Time: 00:02:38

Health: -3/34      AC:  8    Str: 15    XL:     4   Next: 79%
Magic:  4/4        EV: 13    Int: 10    God:    Uskayaw [***...]
Gold:   108        SH:  5    Dex: 14    Spells: 3/3 levels left

rFire    . . .     SeeInvis .   a - +0 trident
rCold    + . .     Gourm    .   (no shield)
rNeg     . . .     Faith    .   k - +3 leather armour
rPois    .         Spirit   .   c - +0 helmet
rElec    .         Reflect  +   (no cloak)
rCorr    .         Harm     .   g - +0 pair of gloves
MR       .....                  (no boots)
Stlth    +.........             r - amulet of reflection
HPRegen  0.11/turn              (no ring)
MPRegen  0.09/turn              (no ring)

@: no status effects
A: talons 1, cold resistance 1
a: Stomp, Line Pass, Renounce Religion


You were on level 4 of the Dungeon.
You worshipped Uskayaw.
Uskayaw was noncommittal.
You were not hungry.

You visited 1 branch of the dungeon, and saw 4 of its levels.

You collected 108 gold pieces.

Inventory:

Hand Weapons
 a - a +0 trident (weapon)
Missiles
 d - 3 throwing nets (quivered)
Armour
 c - a +0 helmet (worn)
 g - a +0 pair of gloves (worn)
 k - a +3 leather armour (worn)
Jewellery
 r - an amulet of reflection (around neck)
Wands
 n - a wand of enslavement (9)
Scrolls
 e - a scroll of magic mapping {unknown}
 i - 3 scrolls of remove curse {unknown}
 m - a scroll of noise {unknown}
 o - a scroll of identify {unknown}
 p - a scroll of teleportation {unknown}
 t - a scroll of random uselessness {unknown}
 v - a scroll of immolation {unknown}
Potions
 b - 2 potions of magic {unknown}
 h - a potion of mutation {unknown}
 j - 2 potions of stabbing {unknown}
 l - 3 potions of might {unknown}
 s - 2 potions of curing {unknown}
 u - a potion of ambrosia {unknown}
Comestibles
 f - 12 rations
 q - a chunk of flesh


   Skills:
 + Level 2.3 Fighting
 + Level 4.1 Polearms
 - Level 1.7 Throwing
 + Level 1.3 Armour
 + Level 3.2 Dodging
 + Level 0.3 Stealth
 * Level 0.2 Invocations


You had 3 spell levels left.
You didn't know any spells.
Your spell library was empty.

Dungeon Overview and Level Annotations

Branches:
Dungeon (4/15)
 Temple: D:4-7

Altars:
Cheibriados
Makhleb
Uskayaw


Innate Abilities, Weirdness & Mutations

You have sharp toenails.
Your flesh is cold resistant. (rC+)


Message History

You hear a shout!
The gnoll hits you from afar with a +0 spear.
* * * LOW HITPOINT WARNING * * *
The gnoll hits you with a cursed -1 whip.
* * * LOW HITPOINT WARNING * * *
The gnoll shaman hits you with a +0 whip!
* * * LOW HITPOINT WARNING * * *
A gnoll comes into view. It is wielding a +0 club.
You block the gnoll's attack. The leopard gecko misses you.
The gnoll completely misses you.
Uskayaw will force your foes to helplessly watch your dance.
Uskayaw prepares the audience for your solo!
The helpless gnoll fails to defend itself.
You hit the gnoll.
The gnoll is severely wounded.
The leopard gecko is no longer paralysed.
The gnoll shaman is no longer paralysed.
The gnoll is no longer paralysed. x5; The gnoll hits you but does no damage.
The gnoll shaman hits you with a +0 whip.
You die...

.?.g.....##
.g........#
..........#
...g......#
..........#
..........#
#........#
.......@.##
......lgg.#
.......g.......
...............
.............?.
............)..
#..............
##......#######
########


You could see a gnoll shaman, 5 gnolls and a leopard gecko.

Vanquished Creatures
  A gnoll (D:4)
  4 adders (D:2)
  2 oozes (D:1)
  2 worms (D:3)
  A dart slug (D:1)
  A leopard gecko (D:3)
  An orc (D:3)
  5 bats
  7 giant cockroaches
  8 goblins
  3 hobgoblins
  4 jackals (D:2)
  6 kobolds
  A quokka (D:3)
  2 ball pythons
  6 frilled lizards
  6 rats
60 creatures vanquished.

Notes
Turn   | Place    | Note
-------+----------+-------------------------------------------
     0 | D:1      | Exodus22XD the Demonspawn Gladiator began the quest for the
                  | Orb.
     0 | D:1      | Reached XP level 1. HP: 16/16 MP: 1/1
    63 | D:1      | Reached skill level 3 in Polearms
   176 | D:1      | Gained mutation: Your flesh is cold resistant. (rC+)
                  | [demonic ancestry]
   176 | D:1      | Reached XP level 2. HP: 22/22 MP: 2/2
   481 | D:1      | Found a snail-covered altar of Cheibriados.
   637 | D:1      | Gained mutation: You have sharp toenails. [demonic
                  | ancestry]
   637 | D:1      | Reached XP level 3. HP: 27/27 MP: 3/3
  1346 | D:2      | Reached XP level 4. HP: 29/33 MP: 4/4
  1554 | D:2      | You fall into a shaft and drop 1 floor!
  1555 | D:3      | Reached skill level 1 in Armour
  1577 | D:3      | Found a burning altar of Makhleb.
  1718 | D:3      | Reached skill level 4 in Polearms
  2268 | D:3      | Found a hide-covered altar of Uskayaw.
  2375 | D:3      | Became a worshipper of Uskayaw the Reveler
  2592 | D:3      | Reached * piety under Uskayaw
  2768 | D:4      | Reached ** piety under Uskayaw
  2772 | D:4      | HP: 1/34 [gnoll shaman/+0 whip (7)]
  2772 | D:4      | Reached *** piety under Uskayaw
  2773 | D:4      | Slain by a gnoll shaman

Illustrated notes

Levels and vault maps discovered:
D:1:      wheals_arrival_shading, layout_basic, cheibriados_altar_1
D:2:      layout_rooms
D:3:      layout_loops_corners, nicolae_overflow_crystal_walls,
          lemuel_coloured_pillars_altar, first_ration
D:4:      layout_rooms, nicolae_overflow_hidden_temple,
          nicolae_ru_great_annihilating_truth, uniq_eustachio

Skill      XL: |  1  2  3  4 |
---------------+-------------+-----
Polearms       | 3 4 |  4.1
Dodging        | 3 |  3.2
Armour         | 1 |  1.3
Fighting       | |  2.3
Throwing       | |  1.7
Stealth        | |  0.3
Invocations    | |  0.2

Action                   |  1- 3 |  4- 6 || total
-------------------------+-------+-------++-------
Melee: Trident           |    97 |    80 ||   177
       Kick              |     2 |    21 ||    23
 Stab: Sleeping          |       |     2 ||     2
       Paralysed         |       |     1 ||     1
  Eat: Chunk             |     1 |     5 ||     6
Armor: Leather armour    |    13 |    16 ||    29
       Ring mail         |    12 |       ||    12
Dodge: Dodged            |    53 |    49 ||   102
Block: Other             |       |    11 ||    11
